 Dungeon Crawl Stone Soup version 0.27.1-34-g3ba077fa99 (webtiles) character file.

Game seed: 4754639361455562428

56 cbfl8 the Skirmisher (level 3, -1/33 HPs)
             Began as a Ghoul Monk on Jan 14, 2022.
             Was a Priest of Jiyva.
             Killed from afar by Natasha (4 damage)
             ... with a magic dart
             ... on level 2 of the Dungeon.
             The game lasted 00:05:38 (1717 turns).

cbfl8 the Skirmisher (Ghoul Monk)                   Turns: 1717, Time: 00:05:39

Health: -1/33      AC:  8    Str: 14    XL:     3   Next: 95%
Magic:  2/2        EV:  6    Int:  6    God:    Jiyva [***...]
Gold:   23         SH:  0    Dex: 11    Spells: 2/2 levels left

rFire    . . .     SeeInvis .   f - +1 dagger (vamp)
rCold    + . .     Faith    .   (no shield)
rNeg     + + +     Spirit   .   g - +0 chain mail
rPois    ∞         Reflect  .   (no helmet)
rElec    .         Harm     .   (no cloak)
rCorr    +         Rampage  .   (no gloves)
Will     .....                  (no boots)
Stlth    ..........             (no amulet)
HPRegen  0.00/turn              (no ring)
MPRegen  0.08/turn              (no ring)

@: inhibited regen
A: claws 1, cold resistance 1, negative energy resistance 3, inhibited
regeneration, torment resistance 2
a: Renounce Religion, Request Jelly


You were on level 2 of the Dungeon.
You worshipped Jiyva.
Jiyva was most pleased with you.
You visited 1 branch of the dungeon, and saw 2 of its levels.

You collected 23 gold pieces.

Inventory:

Hand Weapons
 f - a +1 vampiric dagger (weapon)
Missiles
 e - 2 silver javelins (quivered)
Armour
 a - a +0 robe
 g - a +0 chain mail (worn)
Jewellery
 h - an amulet of reflection
Scrolls
 b - 2 scrolls of identify {unknown}
 c - a scroll of teleportation {unknown}
Potions
 d - 2 potions of berserk rage {unknown}
 i - a potion of heal wounds {unknown}
 j - a potion of curing {unknown}


   Skills:
 + Level 3.8 Fighting
 + Level 1.2 Short Blades
 + Level 0.7 Armour
 + Level 3.0 Dodging
 + Level 2.5 Stealth
 + Level 3.5 Unarmed Combat


You had 2 spell levels left.
You didn't know any spells.
Your spell library was empty.

Dungeon Overview and Level Annotations

Branches:
Dungeon (2/15)

Altars:
Jiyva

Annotations:
D:2 Natasha


Innate Abilities, Weirdness & Mutations

You thrive by killing the living.
You are immune to poison.
You have sharp fingernails.
Your flesh is cold resistant. (rC+)
You are immune to negative energy. (rN+++)
You do not regenerate when monsters are visible.
You are immune to unholy pain and torment.


Message History

The crimson imp closely misses you.
The crimson imp blinks!
Natasha closely misses you.
You closely miss the crimson imp.
The crimson imp is lightly wounded.
The crimson imp hits you but does no damage.
You hit Natasha but do no damage.
The crimson imp disappears in a puff of smoke!
Natasha claws you.
The crimson imp hits you but does no damage.
You hit Natasha but do no damage. Natasha claws you.
The crimson imp hits you but does no damage.
You hit Natasha.
You feel better.
Natasha is lightly wounded.
Natasha stares at you and mumbles some strange words.
The magic dart hits you.
The crimson imp hits you but does no damage.
You hit Natasha.
Natasha is moderately wounded.
Natasha barely misses you.
The crimson imp blinks!
You hit Natasha.
Natasha is moderately wounded.
Natasha claws you.
The crimson imp blinks!
You hit Natasha.
Natasha is moderately wounded.
Natasha claws you.
* * * LOW HITPOINT WARNING * * *
You hit Natasha but do no damage.
Natasha is moderately wounded.
Natasha claws you.
* * * LOW HITPOINT WARNING * * *
The crimson imp blinks!
You hit Natasha but do no damage.
Natasha is moderately wounded.
Natasha stares at you and mumbles some strange words.
You resist with significant effort.
You hit Natasha.
You feel better.
Natasha is heavily wounded.
Natasha casts a spell at you. The magic dart hits you.
You die...

### ≈≈## ### ###.# ≈≈≈≈ #
#.# ...####≈...# #.#
#.<#.....#. #.# #.....
... .# #.# #..# #.# #.###
..#########..####.#......
................@...#
..#######.......h.###
.... #......####
.##.......#.#..#
##...#...##......
##....... .J.#..##
#.......##..###..#
........ #..# #.# ...#


You could see Natasha and a neutral jelly (wandering) (fellow slime).

Vanquished Creatures
  An adder (D:2)
  4 dart slugs
  A giant cockroach (D:1)
  3 goblins (D:1)
  6 hobgoblins
  3 jackals (D:1)
  4 quokkas
  3 ball pythons
  2 bats (D:1)
  2 frilled lizards
  3 kobolds
  2 rats
34 creatures vanquished.

Vanquished Creatures (others)
  Natasha (D:2)
  3 adders (D:2)
  2 bats
  2 endoplasms (D:2)
  A giant cockroach (D:2)
  2 goblins (D:2)
  A kobold (D:2)
  A rat (D:2)
  6 fungi (D:1)
  5 plants (D:1)
24 creatures vanquished.

Grand Total: 58 creatures vanquished

Notes
Turn   | Place    | Note
-------+----------+-------------------------------------------
     0 | D:1      | cbfl8 the Ghoul Monk began the quest for the Orb.
     0 | D:1      | Reached XP level 1. HP: 19/19 MP: 0/0
   172 | D:1      | Reached XP level 2. HP: 22/26 MP: 1/1
   181 | D:1      | Found a faded altar of an unknown god.
   238 | D:1      | Became a worshipper of Jiyva Jaifa the Shapeless
   238 | D:1      | Reached * piety under Jiyva
   238 | D:1      | Reached ** piety under Jiyva
   497 | D:1      | Reached XP level 3. HP: 33/33 MP: 2/2
  1231 | D:2      | Reached *** piety under Jiyva
  1368 | D:2      | Reached skill level 1 in Short Blades
  1513 | D:2      | Killed Natasha
  1693 | D:2      | Noticed Natasha
  1717 | D:2      | Killed from afar by Natasha

Illustrated notes

Levels and vault maps discovered:
D:1:      zaba_arrival_water, layout_loops_ring,
          shapermc_ecumenical_altar_ellora, corexii_leaking_fountain
D:2:      minmay_angry_zag, layout_rooms, serial_rivers,
          chequers_serial_rivers_micro_c, chequers_serial_rivers_room_b,
          chequers_serial_rivers_micro_c, chequers_serial_rivers_micro_b,
          chequers_serial_rivers_large_b, chequers_serial_rivers_marsh,
          basic_altar, st_stairs_11, serial_park_tiny_2, uniq_natasha

Skill      XL: |  1  2  3 |
---------------+----------+-----
Dodging        | 3 |  3.0
Short Blades   | 1 |  1.2
Fighting       | |  3.8
Armour         | |  0.7
Stealth        | |  2.5
Unarmed Combat | |  3.5

Action                   || total
-------------------------++-------
Melee: Unarmed           ||    14
       Dagger            ||   238
       Punch             ||     5
Invok: Request Jelly     ||     1
Armor: Robe              ||     6
       Chain mail        ||   122
Dodge: Dodged            ||    78
